 Dungeon Crawl Stone Soup version 0.21-a0-632-g1e37ce5 (webtiles) character file.

6638 Gorice the Basher (level 10, -2/65 HPs)
             Began as a Demonspawn Wanderer on Dec 27, 2017.
             Was a Follower of Qazlal.
             Slain by a two-headed ogre
             ... wielding a +0 giant club
              (3 damage)
             ... on level 8 of the Dungeon.
             The game lasted 00:42:05 (11126 turns).

Gorice the Basher (Demonspawn Wanderer)            Turns: 11126, Time: 00:42:06

Health: -2/65      AC: 18    Str: 14    XL:     10   Next: 72%
Magic:  19/19      EV:  6    Int: 18    God:    Qazlal [*.....]
Gold:   435        SH:  2    Dex: 10    Spells: 9/9 levels left

rFire    . . .     SeeInvis .   a - +0 whip (elec)
rCold    . . .     Gourm    .   (no shield)
rNeg     . . .     Faith    .   z - +0 chain mail
rPois    .         Spirit   .   A - +2 helmet
rElec    .         Reflect  .   I - +0 cloak (curse)
rCorr    .         Harm     .   (no gloves)
MR       .....                  B - +1 pair of boots
Stlth    ..........             (no amulet)
HPRegen  0.20/turn              o - ring of magical power
MPRegen  0.16/turn              U - ring of loudness (curse)

@: no status effects
A: talons 1, nightstalker 2
a: Renounce Religion


You were on level 8 of the Dungeon.
You worshipped Qazlal.
Qazlal was aware of your devotion.
You were not hungry.

You visited 2 branches of the dungeon, and saw 9 of its levels.
You also visited: Sewer.

You collected 435 gold pieces.

Inventory:

Hand Weapons
 a - a +0 whip of electrocution (weapon)
   (You took it off an orc on level 3 of the Dungeon)
 b - a +2 hand crossbow
 p - a +0 mace of protection
   (You found it on level 3 of the Dungeon)
 q - a +1 mace
 t - a +0 mace of protection
   (You found it on level 6 of the Dungeon)
 w - a +2 war axe of electrocution
   (You found it on level 4 of the Dungeon)
 E - a +1 dagger of electrocution
   (You took it off a kobold in a sewer)
 H - a +0 flail
 L - a +4 long sword of freezing
   (You took it off a wight on level 7 of the Dungeon)
 O - a +0 scimitar of flaming
   (You took it off Erica on level 8 of the Dungeon)
 Q - a cursed +0 morningstar
 T - a +3 scimitar of freezing
   (You took it off a wight on level 8 of the Dungeon)
Missiles
 d - 42 bolts
 e - 18 tomahawks (quivered)
 Z - 4 throwing nets
Armour
 z - a +0 chain mail (worn)
 A - a +2 helmet (worn)
 B - a +1 pair of boots (worn)
 I - a cursed +0 cloak (worn)
Jewellery
 i - an uncursed ring of wizardry
 m - an uncursed amulet of faith {!P}
 o - a ring of magical power (left hand)
 U - a cursed ring of loudness (right hand)
Wands
 r - a wand of enslavement (7)
 v - a wand of disintegration (4)
 y - a wand of flame (35)
 K - a wand of paralysis (4)
Scrolls
 h - 3 scrolls of fear {!r}
 k - a scroll of enchant weapon
 l - 5 scrolls of teleportation {!r}
 n - 3 scrolls of remove curse
 D - a scroll of magic mapping {!r}
 S - a scroll of enchant armour {unknown}
Potions
 j - 2 potions of haste {!q}
 s - 3 potions of might {!q}
 u - 2 potions of cancellation {!q}
 x - 3 potions of agility {!q}
 C - 7 potions of curing
 F - 2 potions of heal wounds {!q}
 G - a potion of brilliance {!q}
 J - 3 potions of mutation {!q}
 P - a potion of lignification {unknown}
Books
 c - a book of Misfortune
 M - a book of Geomancy
 N - a book of Power
 Y - the Collected Works on Creative Stones
   (You found it on level 7 of the Dungeon)

   Spells                             Type                      Level
   a - Summon Small Mammal            Summoning                    1
   b - Leda's Liquefaction            Hexes/Earth                  4
   c - Summon Demon                   Summoning                    5
   d - Malign Gateway                 Summoning/Translocation      7
Comestibles
 f - 16 rations
 g - 2 chunks of flesh


   Skills:
 - Level 1.0 Fighting
 + Level 9.4 Maces & Flails
 + Level 8.7 Crossbows
 - Level 1.0 Throwing
 + Level 9.0 Armour
 - Level 1.0 Stealth


You had 9 spell levels left.
You didn't know any spells.

Dungeon Overview and Level Annotations

Branches:
Dungeon (8/15)             Temple (1/1) D:7
   Lair: D:8-11

Altars:
Ashenzari
Cheibriados
Dithmenos
Elyvilon
Fedhas
Gozag
Hepliaklqana
Kikubaaqudgha
Makhleb
Nemelex Xobeh
Okawaru
Qazlal
Ru
Sif Muna
Trog
Uskayaw
Vehumet
Wu Jian
Xom
Yredelemnul
Zin
The Shining One


Innate Abilities, Weirdness & Mutations

You have sharp toenails.
You are significantly more attuned to the shadows.


Message History

* * * LOW HITPOINT WARNING * * *
A sky beast comes into view.
Damage: 15 (max 15)
You hit the two-headed ogre.
The two-headed ogre is lightly wounded.
You hit the two-headed ogre.
The two-headed ogre is lightly wounded.
The sky beast moves out of view.
The two-headed ogre hits you with a giant club!
* * * LOW HITPOINT WARNING * * *
The two-headed ogre hits you with a giant club.
* * * LOW HITPOINT WARNING * * *
Damage: 10 (max 15)
The sky beast flickers out of sight!
Deactivating autopickup; reactivate with Ctrl-A.
Something hits you but does no damage.
You see here a robe.
Evoke which item? (* to show all) (? for menu, Esc to quit)
Aiming: Paralyse
Press: ? - help, Shift-Dir - straight line, f/p - two-headed ogre
Aim: a two-headed ogre, wielding two giant clubs (lightly wounded, chance to defeat MR: 28%)
The two-headed ogre easily resists.
The two-headed ogre hits you with a giant club!
* * * LOW HITPOINT WARNING * * *
The two-headed ogre hits you with a giant club!
* * * LOW HITPOINT WARNING * * *
Damage: 17 (max 17) Unknown command.
There is a stone staircase leading up here.
You see here an arrow.
You see here a dagger.
You see here an animal skin.
Items here: ! ( ) [ a potion of degeneration {!q}; an uncursed shortbow; 11 arrows; a robe
Things that are here:
a robe; an enchanted falchion
Things that are here:
an enchanted dagger; a robe
Things that are here:
a short sword; an embroidered robe; a quokka skeleton A sky beast appears from thin air!
Reactivating autopickup.
You see here a bolt.
You see here a robe.
Unknown command.
Okay, then.
The two-headed ogre hits you with a giant club!
* * * LOW HITPOINT WARNING * * *
The two-headed ogre hits you with a giant club.
You die...

#.....#...#..#.##..
#.....##..........#
#.....# ......#..#
#.....### #.#..#..##
#.....!.###....#...#
#....[#[))[#..>..# .#
#....)####...Y...###.#..
#....<########(.........
#.....O@.Y.###..........
#.....####.....>....)...
#####.....#([...........
........##..#....#..
.........##.####.....
#............# ##.#..
........#.# ....
......#... ...# ....


You could see a two-headed ogre and a sky beast.

Vanquished Creatures
  Erica (D:8)
  The ghost of p0werm0de the Covert, a novice OpEn (D:7)
  The ghost of p0werm0de the Grave Robber, a novice GnNe of Qazlal (D:6)
  A human (D:7)
  4 hogs (D:7)
  2 hungry ghosts
  Menkaure (D:6)
  The ghost of Potsanchik the Vexing, an amateur DEAM (D:4)
  A water moccasin (D:7)
  3 ice beasts
  2 phantoms
  An orc warrior (D:7)
  A black bear (D:7)
  3 sky beasts
  A hornet zombie (D:7)
  4 ogres
  A slave (D:8)
  2 centaurs
  A big kobold (Sewer)
  A gnoll sergeant (D:7)
  6 bullfrogs
  A water moccasin zombie (D:6)
  4 scorpions
  A killer bee (D:7)
  8 wights
  5 crimson imps
  2 bullfrog zombies
  A centaur zombie (D:7)
  A hound (D:7)
  5 orc priests
  A centaur skeleton (D:7)
  2 jellies
  Crazy Yiuf (D:7)
  2 orc wizards
  2 bullfrog skeletons
  An iguana (D:6)
  6 worker ants
  A killer bee zombie (D:8)
  Robin (D:4)
  A howler monkey zombie (D:5)
  A worker ant zombie (D:6)
  14 gnolls
  2 river rats (D:6)
  13 adders
  An ooze (Sewer)
  4 worms
  A leopard gecko (D:3)
  34 orcs
  8 bats
  6 giant cockroaches
  15 hobgoblins
  A jackal (D:7)
  6 quokkas
  6 ball pythons
  5 frilled lizards
  17 goblins
  A jackal skeleton (D:8)
  17 kobolds
  A leopard gecko skeleton (D:4)
  A quokka zombie (D:4)
  12 rats
251 creatures vanquished.

Notes
Turn   | Place    | Note
-------+----------+-------------------------------------------
     0 | D:1      | Gorice the Demonspawn Wanderer began the quest for the Orb.
     0 | D:1      | Gorice set off with: a +2 hand crossbow, 27 bolts, a +0 ring mail, a +0 mace, a ration
     0 | D:1      | Reached XP level 1. HP: 15/15 MP: 1/1
   244 | D:1      | Reached skill level 3 in Maces & Flails
   244 | D:1      | Reached skill level 2 in Armour
   319 | D:1      | Gained mutation: You are slightly more attuned to the shadows. [demonic ancestry]
   319 | D:1      | Reached XP level 2. HP: 20/21 MP: 2/2
   746 | D:2      | Gained mutation: You have sharp toenails. [demonic ancestry]
   746 | D:2      | Reached XP level 3. HP: 26/26 MP: 3/3
  1302 | D:3      | Reached XP level 4. HP: 29/32 MP: 4/4
  1303 | D:3      | Reached skill level 4 in Maces & Flails
  1313 | D:3      | HP: 9/32 [gnoll/club (2)]
  1318 | D:3      | HP: 5/32 [gnoll/club (4)]
  1326 | D:3      | HP: 2/32 [gnoll/club (4)]
  1331 | D:3      | HP: 4/32 [gnoll/club (5)]
  1333 | D:3      | Reached skill level 2 in Crossbows
  1634 | D:3      | Found a hazy altar of Hepliaklqana.
  1888 | D:3      | Reached skill level 3 in Armour
  2277 | D:4      | Noticed a two-headed ogre
  2417 | D:4      | Reached XP level 5. HP: 35/37 MP: 5/5
  2432 | D:3      | HP: 9/37 [worker ant (3)]
  2437 | D:3      | HP: 7/37 [poisoned by a worker ant]
  3052 | D:4      | Noticed Potsanchik's ghost (amateur DEAM)
  3062 | D:4      | Killed Potsanchik's ghost
  3062 | D:4      | Reached skill level 3 in Crossbows
  3062 | D:4      | Reached XP level 6. HP: 38/43 MP: 6/6
  3224 | D:4      | Reached skill level 4 in Armour
  3457 | D:4      | Reached skill level 5 in Maces & Flails
  3555 | D:4      | Noticed a sky beast
  3559 | D:4      | Reached XP level 7. HP: 48/48 MP: 7/7
  3802 | D:4      | Reached skill level 4 in Crossbows
  3810 | D:4      | HP: 14/48 [poisoned by a worker ant]
  3818 | D:4      | HP: 13/48 [poisoned by a worker ant]
  4108 | D:4      | Noticed Robin
  4135 | D:4      | Killed Robin
  4559 | D:5      | Entered Level 5 of the Dungeon
  4857 | D:5      | Reached skill level 5 in Armour
  5058 | D:5      | Found a bloodstained altar of Trog.
  5124 | D:5      | Reached skill level 6 in Maces & Flails
  5124 | D:5      | Reached XP level 8. HP: 21/54 MP: 8/8
  5703 | D:6      | Noticed p0werm0de's ghost (novice GnNe)
  5712 | D:5      | Reached skill level 5 in Crossbows
  5960 | D:6      | Found a glowing drain.
  5973 | D:6      | Reached skill level 6 in Armour
  6007 | Sewer    | Entered a sewer
  6922 | D:6      | HP: 16/54 [orc priest/nerve-wracking pain (4)]
  7160 | D:6      | Reached skill level 7 in Maces & Flails
  7177 | D:6      | Reached skill level 6 in Crossbows
  7251 | D:6      | Gained mutation: You are significantly more attuned to the shadows. [demonic ancestry]
  7251 | D:6      | Reached XP level 9. HP: 54/59 MP: 9/9
  7397 | D:6      | Noticed Menkaure
  7399 | D:6      | Killed Menkaure
  7472 | D:6      | Killed p0werm0de's ghost
  7472 | D:6      | Reached skill level 7 in Armour
  7761 | D:7      | Found a staircase to the Ecumenical Temple.
  7770 | Temple   | Entered the Ecumenical Temple
  8063 | Temple   | Became a worshipper of Qazlal Stormbringer
  8160 | D:7      | Reached skill level 7 in Crossbows
  8169 | D:7      | Paralysed by fainting for 7 turns
  8228 | D:7      | Reached skill level 8 in Maces & Flails
  8538 | D:7      | Found a runed door.
  8542 | D:7      | Noticed Crazy Yiuf
  8552 | D:7      | Killed Crazy Yiuf
  8715 | D:7      | Noticed p0werm0de's ghost (novice OpEn)
  9169 | D:7      | HP: 14/59 [p0werm0de's ghost/spray of energy (5)]
  9170 | D:7      | Killed p0werm0de's ghost
  9170 | D:7      | Reached XP level 10. HP: 15/65 MP: 10/10
  9187 | D:7      | Identified the Collected Works on Creative Stones
  9543 | D:7      | Reached skill level 8 in Armour
  9739 | D:7      | Reached * piety under Qazlal
  9739 | D:7      | Reached skill level 8 in Crossbows
 10799 | D:8      | Reached skill level 9 in Maces & Flails
 11063 | D:8      | Noticed Erica
 11072 | D:8      | Killed Erica
 11072 | D:8      | Reached skill level 9 in Armour
 11088 | D:8      | Noticed a two-headed ogre
 11095 | D:8      | HP: 19/65 [two-headed ogre/giant club (3)]
 11104 | D:8      | HP: 13/65 [two-headed ogre/giant club (8)]
 11104 | D:8      | HP: 4/65 [two-headed ogre/giant club (9)]
 11126 | D:8      | HP: 1/65 [two-headed ogre/giant club (7)]
 11126 | D:8      | Slain by a two-headed ogre

Vault maps used:
D:1:      wheals_arrival_linesprint
D:2:      minmay_misc_feat_cross
D:3:      lemuel_crystal_altar
D:4:      corexii_shantytown, uniq_robin
D:5:      first_ration, bloody_trog
D:6:      kennysheep_spiral_hall, portal_sewer_entry_e, uniq_menkaure
D:7:      minmay_the_grid_octo_tiled_squarecenter,
          minmay_temple_entry_large_hall, grunt_livestock,
          minmay_misc_feat_roman, hangedman_abyss_or_decor_lesser_grid,
          uniq_crazy_yiuf_cottage
D:8:      serial_bayou_lagoon_a, uniq_erica, uniq_pikel, uniq_prince_ribbit1
Temple:   nicolae_temple_the_god_donut
Sewer:    kennysheep_pipe_town

Skill      XL: |  1  2  3  4  5  6  7  8  9 10 |
---------------+-------------------------------+-----
Maces & Flails | 3 4 5 6 7 8 9 |  9.4
Armour         | 2 3 4 5 6 7 9 |  9.0
Crossbows      | 2 3 4 6 7 8 |  8.7
Fighting       | |  1.0
Throwing       | |  1.0
Stealth        | |  1.0

Action                   |  1- 3 |  4- 6 |  7- 9 | 10-12 || total
-------------------------+-------+-------+-------+-------++-------
Melee: Mace              |    15 |    11 |    33 |       ||    59
       Whip              |       |    98 |   531 |   212 ||   841
       Kick              |       |     7 |       |       ||     7
 Fire: Hand crossbow     |    41 |    88 |   188 |    39 ||   356
Evoke: Wand              |       |       |     9 |     1 ||    10
  Use: Scroll            |     8 |     2 |     6 |     4 ||    20
       Potion            |       |     2 |     1 |       ||     3
  Eat: Chunk             |     1 |     7 |    14 |     2 ||    24
       Ration            |       |       |     2 |     2 ||     4
Armor: Ring mail         |    18 |    21 |       |       ||    39
       Scale mail        |       |    35 |    33 |       ||    68
       Chain mail        |       |       |   394 |   121 ||   515
Dodge: Dodged            |     9 |    42 |   177 |    47 ||   275
Block: Other             |       |       |       |     2 ||     2

Table legend:
 A = Spawn XP
 B = Non-spawn XP
 C = Spawn XP percentage of total XP
 D = Spawn monster count
 E = Non-spawn monster count
 F = Spawn count percentage of total count
 G = Total turns spent on level
                    A         B        C        D         E        F      G
               +---------+---------+-------+---------+---------+-------+---------
         Total |       0 |    9483 |   0.0 |       0 |     250 |   0.0 | 11126
               +---------+---------+-------+---------+---------+-------+---------
           D:1 |       0 |      19 |   0.0 |       0 |      14 |   0.0 |   687
           D:2 |       0 |      68 |   0.0 |       0 |      11 |   0.0 |   545
           D:3 |       0 |     142 |   0.0 |       0 |      26 |   0.0 |  1552
           D:4 |       0 |     896 |   0.0 |       0 |      60 |   0.0 |  1775
           D:5 |       0 |     513 |   0.0 |       0 |       9 |   0.0 |  1200
           D:6 |       0 |    2055 |   0.0 |       0 |      44 |   0.0 |  1612
           D:7 |       0 |    3821 |   0.0 |       0 |      45 |   0.0 |  2371
           D:8 |       0 |    1815 |   0.0 |       0 |      17 |   0.0 |   340
         Sewer |       0 |     154 |   0.0 |       0 |      24 |   0.0 |   738
               +---------+---------+-------+---------+---------+-------+---------

Table legend:
 A = Turns spent in this place as a percentage of turns spent in the entire game.
 B = Non-inter-level travel turns spent in this place as a percentage of non-inter-level travel turns spent in the entire game.
 C = Inter-level travel turns spent in this place as a percentage of turns spent in this place.
 D = Turns resting spent in this place as a percentage of non-inter-level travel turns spent in this place.
 E = Turns spent auto-exploring this place as a percentage of non-inter-level travel turns spent in this place.
 F = Non-inter-level travel turns spent in this place divided by the number of levels of this place that you've seen.
                   A       B       C       D       E      F
               +-------+-------+-------+-------+-------+----------------------
         Total | 100.0 | 100.0 |   2.8 |  29.5 |  32.6 | 1081.7
       Dungeon |  90.6 |  90.5 |   2.9 |  29.1 |  32.7 | 1224.2
        Temple |   2.8 |   2.6 |   6.9 |   0.0 |  93.0 | 285.0
         Sewer |   6.6 |   6.8 |   0.0 |  45.5 |   7.7 | 738.0
               +-------+-------+-------+-------+-------+----------------------

Vault maps used:
D:1:      wheals_arrival_linesprint
D:2:      minmay_misc_feat_cross
D:3:      lemuel_crystal_altar
D:4:      corexii_shantytown, uniq_robin
D:5:      first_ration, bloody_trog
D:6:      kennysheep_spiral_hall, portal_sewer_entry_e, uniq_menkaure
D:7:      minmay_the_grid_octo_tiled_squarecenter,
          minmay_temple_entry_large_hall, grunt_livestock,
          minmay_misc_feat_roman, hangedman_abyss_or_decor_lesser_grid,
          uniq_crazy_yiuf_cottage
D:8:      serial_bayou_lagoon_a, uniq_erica, uniq_pikel, uniq_prince_ribbit1
Temple:   nicolae_temple_the_god_donut
Sewer:    kennysheep_pipe_town
